[Event "*** Titled Tuesday 3|2 Blitz"]
[Site "Chess.com"]
[Date "2015.12.01"]
[Round "2"]
[White "alturas_pacificas"]
[Black "silverback96"]
[Result "1-0"]
[WhiteElo "2117"]
[BlackElo "1917"]
[TimeControl "180+2"]
[EndTime "11:23:15 PST"]
[Termination "alturas_pacificas won by resignation"]

1. d4 Nf6 2. Bf4 c5 3. d5 e6 4.
Nc3 exd5 5. Nxd5 Nxd5 6. Qxd5 Nc6 7. O-O-O Be7 8. e4 O-O 9. Nf3 Nb4 10. Qc4 b5 11. Qxb5 Nxa2+ 12. Kb1 Nb4 13. c3 Nc6 14. Bc4 Rb8 15. Bxb8 Nxb8 16. Qxb8 Qa5 17. Qb5 Qc7 18.
Qb3 d6 19. Rhe1 Bg4 20. h3 Bh5 21. Ka1 Rb8 22. Qa2 a5 23. g4 Bg6 24. e5 dxe5 25. Nxe5 Bf6 26. Nxg6 hxg6 27. Re4 a4 28. Rde1 Kh7 29.
Bxf7 a3 30. Re8 Rxb2 31. Qxa3 Rc2 32. Bg8+ Kh6 33. R8e3 Qb8 34. Ba2 Rxf2 35. Bb1 c4 36. R3e2 Rf3 37. Rc2 Qg3 38. Rec1 Qxh3 39. Kb2 g5 40.
Qc5 Qxg4 41. Ba2 Qg3 42. Qxc4 Qb8+ 43. Bb3 Rf4 44. Qe6 Rh4 45. Qe4 Qg3 46. Rh1 Rxh1 47.
Qxh1+ Kg6 48. Qe4+ Kh6 49. Qe8 g4 50. Qh8+ Kg6 51.
Qg8 Qf3 52. Bf7+ Kf5 53. Qh7+ Ke5 54. Qg8 Qb7+ 55. Bb3 g3 56. Qe6+ Kf4 57. Qd6+ Kg5 58. Qd5+ Qxd5 59. Bxd5 Kf4 60. Kb3 g5 61. c4 Bd8 62. c5 Bc7 63. c6 Ke3 64. Kc4 g4 65. Kc5 Kd3 66. Ra2 Ke3 67. Kb5 Kf4 68. Ka6 Ke3 69.
Kb7 Be5 70. c7 Bxc7 71. Kxc7 Kf4 72. Kd6 Kg5 73. Ke5 Kh4 74. Kf4 Kh3 75. Bg2+ Kh2 76.
Bf3+ Kg1 77. Bxg4 g2 78. Kg3 Kf1 79. Rf2+ Ke1 1-0

[Event "*** Titled Tuesday 3|2 Blitz"]
[Site "Chess.com"]
[Date "2015.12.01"]
[Round "2"]
[White "chessbia"]
[Black "Rating-Schmating"]
[Result "1/2-1/2"]
[WhiteElo "1971"]
[BlackElo "2095"]
[TimeControl "180+2"]
[EndTime "11:23:17 PST"]
[Termination "Game drawn by repetition"]

1. d4 e6 2. c4 Nf6 3. Nc3 Bb4 4.
Qc2 c5 5. dxc5 Bxc5 6. Nf3 Nc6 7. a3 a5 8. Bg5 Be7 9. e3 h6 10. Bh4 d5 11. cxd5 Nxd5 12. Bxe7 Ndxe7 13. Bb5 Bd7 14. O-O Qb6 15. Rfd1 Rd8 16. h3 O-O 17. Qb3 Na7 18.
Bc4 Qxb3 19. Bxb3 Bc6 20. Ne5 Nb5 21. Nxc6 bxc6 22. Ne4 Nd5 23. Nc5 Nd6 24. Rd2 Rb8 25. Bxd5 cxd5 26. Nd7 Rfd8 27. Nxb8 Rxb8 28. Rb1 Nc4 29.
Re2 Nxa3 30. Ra1 Nc4 31. Rc2 Rb4 32. g4 Kf8 33. Kf1 Ke7 34. Ke2 Kf6 35. Ra2 Ke5 36. Kd3 f5 37. gxf5 Kxf5 38. Ra1 Nxb2+ 39. Ke2 Nc4 40.
Rg1 g5 41. h4 a4 42. hxg5 hxg5 43. Ra1 a3 44. Rca2 e5 45. Rxa3 Nxa3 46. Rxa3 Rb2+ 47. Kf3 Rb5 48. Ra8 Rb6 49. Rd8 e4+ 50. Kg3 Ke5 51.
Kg4 Rf6 52. Re8+ Kd6 53. Rd8+ Kc5 54. Kg3 Kc4 55. Rg8 Rf5 56. Rd8 Kd3 57. Ra8 Rf3+ 58.
Kg2 Kc4 59. Ra4+ Kc5 60. Ra5+ Kd6 61. Ra6+ Ke5 62. Ra8 Rf6 63. Rg8 Kf5 64. Rd8 Ke5 65. Rg8 Rf5 66. Re8+ Kd6 67. Rd8+ Kc5 68. Rc8+ Kb4 69.
Rb8+ Kc3 70. Rc8+ Kd3 71. Ra8 Rf6 72. Ra3+ Kc4 73. Ra4+ Kb5 74. Ra8 g4 75. Rg8 Kc4 76. Rxg4 Kd3 77. Kf1 d4 78. Rg3 dxe3 79. Rxe3+ Kd4 80.
Ke2 Rb6 81. Ra3 Rb2+ 82. Kf1 Rb4 83. Ke2 Rb2+ 84. Kf1 Rc2 85. Ke1 Ke5 86. Kf1 Kf4 87.
Ke1 Rb2 88. Kf1 Rb1+ 89. Ke2 Rh1 90. Kd2 Rh2 91. Ke2 Rh5 92. Kd2 Rd5+ 93. Ke2 Rd4 94. Ke1 Rd5 95. Ke2 Rb5 96. Ke1 Rf5 97. Ke2 Rb5 98. Ke1 Rb2 99. Kf1 Kg4 100. Ke1 Rb5 101. Ke2 Rf5 102. Ke1 Rf3 103. Ra4 Kf4 104. Ke2 Rb3 105. Ra2 Kg4 106. Rc2 Kh3 107. Rc4 Kg2 108. Rxe4 Rb2+ 109. Ke3 Rxf2 110. Rg4+ Kf1 111. Rh4 Re2+ 112. Kf3 Rf2+ 113. Ke3 Re2+ 114. Kf3 Rf2+ 115. Ke3 Re2+ 1/2-1/2

[Event "*** Titled Tuesday 3|2 Blitz"]
[Site "Chess.com"]
[Date "2015.12.01"]
[Round "2"]
[White "Imre91"]
[Black "Iball95"]
[Result "0-1"]
[WhiteElo "2560"]
[BlackElo "2429"]
[TimeControl "180+2"]
[EndTime "11:24:53 PST"]
[Termination "Iball95 won by resignation"]

1. Nf3 Nf6 2. g3 d5 3. Bg2 c5 4.
O-O Nc6 5. d4 cxd4 6. Nxd4 e6 7.
c4 Bc5 8. Nxc6 bxc6 9. cxd5 cxd5 10. Nc3 O-O 11. Bg5 Rb8 12. Rc1 Be7 13. b3 Bb7 14. Na4 Qa5 15. Qd2 Qxd2 16. Bxd2 Rfc8 17. Be3 Ra8 18.
Nc5 Bc6 19. Rc2 Be8 20. Rfc1 h6 21. Na6 Rxc2 22. Rxc2 Bd6 23. a4 Bd7 24. Bf1 Ne4 25. f3 Nf6 26. Bf2 Kf8 27. Nc5 Be8 28. Nb7 Be7 29.
Rc7 Nd7 30. b4 Nb6 31. a5 Nc4 32. Bc5 Bxc5+ 33. Nxc5 Bb5 34. e4 dxe4 35. Nxe4 Na3 36. Nd6 Bxf1 37. Kxf1 f6 38. Rf7+ Kg8 39. Rd7 Rb8 40.
Rxa7 Rxb4 41. Re7 Ra4 42. Nb7 Nc4 43. Rxe6 Nxa5 44. Ra6 Ra1+ 45. Kg2 Nb3 46. Rd6 Ra2+ 47. Kh3 Ra7 48. Nd8 Nc5 49. Nc6 Rc7 50. Rd8+ Kf7 51.
Nb4 Ne6 52. Rd3 Rc4 53. Na6 Rd4 54. Rc3 Rd7 55. f4 Ra7 56. Nb4 f5 57. Nc6 Rc7 58. Ne5+ Kf6 59. Rb3 g5 60. Nd3 Rd7 61. Kg2 Rc7 62.
Nb4 Kg6 63. Nd3 gxf4 64. Rb6 Kf7 65. gxf4 Rc3 66. Ne5+ Ke7 67. Rb7+ Ke8 68. Rb4 Ke7 69. h4 h5 70. Rb7+ Ke8 71. Rb4 Ke7 72. Kf2 Rh3 73. Nf3 Rh1 74. Rb7+ Kd6 75. Rb6+ Ke7 76. Kg3 Rd1 77. Rb3 Rc1 78. Rd3 Rc4 79. Rd5 Rxf4 80. Re5 Rg4+ 81. Kf2 Kf6 82. Ra5 Rf4 83. Ra6 Ke7 84.
Kg3 Rg4+ 85. Kh3 Nf4+ 86. Kh2 Rg2+ 87. Kh1 Rg3 88. Ne5 Rh3+ 89. Kg1 Rxh4 90. Kf2 Kd8 91. Kg3 Ng6 92. Rxg6 Re4 93. Re6 h4+ 94. Kf3 Kc7 95. Nf7 Rxe6 96. Ng5 Rg6 0-1

[Event "*** Titled Tuesday 3|2 Blitz"]
[Site "Chess.com"]
[Date "2015.12.01"]
[Round "3"]
[White "AnimationDomination"]
[Black "ilmago"]
[Result "0-1"]
[WhiteElo "1754"]
[BlackElo "1913"]
[TimeControl "180+2"]
[EndTime "11:28:55 PST"]
[Termination "ilmago won by resignation"]

1. d4 Nf6 2. c4 g6 3. Nc3 Bg7 4. e4 d6 5. Nf3 O-O 6. Be2 e5 7. d5 a5 8. h3 Na6 9. Be3 Qe8 10.
O-O Nd7 11. Nd2 f5 12. f3 Nf6 13. Bd3 Nh5 14. Qc2 Nb4 15. Qb1 Ng3 16. Rf2 f4 0-1

[Event "*** Titled Tuesday 3|2 Blitz"]
[Site "Chess.com"]
[Date "2015.12.01"]
[Round "3"]
[White "NguyenDucHoa"]
[Black "Rikikits"]
[Result "0-1"]
[WhiteElo "2354"]
[BlackElo "2579"]
[TimeControl "180+2"]
[EndTime "11:29:16 PST"]
[Termination "Rikikits won by resignation"]

1. e4 c5 2. Nf3 d6 3. d4 cxd4 4. Nxd4 Nf6 5. Nc3 Nc6 6. Bg5 e6 7. Qd2 Be7 8. O-O-O O-O 9. f4 Nxd4 10. Qxd4 Qa5 11. e5 dxe5 12. Qxe5 b5 13. Qxb5 Qc7 14. Qe5 Qb7 15. Bc4 h6 16. h4 Rb8 17. Bb3 Qb6 18. f5 hxg5 19. hxg5 Ng4 20. Qe4 Qe3+ 21. Kb1 Qxe4 22. Nxe4 exf5 23. Rh4 fxe4 24. Rdh1 Nh6 25. Rh5 Bg4 26. gxh6 Bxh5 27. Rxh5 g6 28. Re5 Bf6 29. Rxe4 Rfe8 0-1

[Event "*** Titled Tuesday 3|2 Blitz"]
[Site "Chess.com"]
[Date "2015.12.01"]
[Round "3"]
[White "dawnrule"]
[Black "ChessWarrior7197"]
[Result "0-1"]
[WhiteElo "2221"]
[BlackElo "2450"]
[TimeControl "180+2"]
[EndTime "11:29:17 PST"]
[Termination "ChessWarrior7197 won by resignation"]

1. e4 c5 2. Nf3 d6 3. d4 cxd4 4.
Nxd4 Nf6 5. Nc3 a6 6. Be3 e5 7.
Nb3 Be6 8. f3 h5 9. Qd2 Nbd7 10.
O-O-O Rc8 11. Bd3 b5 12. h3 h4 13. f4 Be7 14. Rhf1 Qc7 15. Kb1 Nb6 16. Bxb6 Qxb6 17. f5 Bc4 18. Bxc4 Rxc4 19. Nd5 Nxd5 20. Qxd5 O-O 21.
Rd3 Rfc8 22. Rc1 a5 23. Nd2 R4c5 24. Qb3 a4 25. Qb4 d5 26. exd5 Rxc2 27. Rxc2 Qg1+ 0-1

[Event "*** Titled Tuesday 3|2 Blitz"]
[Site "Chess.com"]
[Date "2015.12.01"]
[Round "3"]
[White "Aygehovit1992"]
[Black "ArnaudovP"]
[Result "1-0"]
[WhiteElo "2444"]
[BlackElo "2321"]
[TimeControl "180+2"]
[EndTime "11:29:43 PST"]
[Termination "Aygehovit1992 won by checkmate"]

1. e4 e5 2. Nf3 Nc6 3. Bb5 a6 4. Ba4 Nf6 5. d3 b5 6. Bb3 Be7 7. Nc3 O-O 8. O-O d6 9. h3 Bb7 10. a3 Nd4 11. Nxd4 exd4 12. Ne2 c5 13. Ng3 Re8 14.
f4 c4 15. Ba2 d5 16. e5 Nd7 17. b3 Rc8 18. bxc4 dxc4 19. dxc4 bxc4 20. Rb1 Bd5 21.
Kh2 Bc5 22. Nf5 f6 23. Qg4 g6 24. Nh6+ Kh8 25. Rb7 f5 26. Qe2 Qe7 27. Rxd7 Qxd7 28. Bxc4 Bxc4 29. Qxc4 Bf8 30. Qg8# 1-0

[Event "*** Titled Tuesday 3|2 Blitz"]
[Site "Chess.com"]
[Date "2015.12.01"]
[Round "3"]
[White "Haridaskesavan"]
[Black "Imre91"]
[Result "1-0"]
[WhiteElo "2094"]
[BlackElo "2540"]
[TimeControl "180+2"]
[EndTime "11:29:44 PST"]
[Termination "Haridaskesavan won by resignation"]

1. e4 e6 2. d3 d5 3. Nd2 c5 4. g3 Nc6 5. Bg2 g6 6. Ngf3 Bg7 7. O-O Nge7 8. Re1 Qc7 9. Qe2 b5 10. e5 a5 11. Nf1 b4 12. b3 a4 13. Bg5 h6 14.
Bf6 Bxf6 15. exf6 Ng8 16. d4 Nxf6 17. dxc5 O-O 18. Rad1 Ra5 19. h4 Rxc5 20. Qe3 Rc3 21. Qxh6 Rd8 22. Ne3 Qe7 23. Ng5 Qf8 24. Ng4 Qxh6 25.
Nxh6+ Kg7 26. Nhxf7 Re8 27. Nd6 Rd8 28. Nxc8 Rxc8 29.
Nxe6+ Kh6 30. Bxd5 Rxc2 31. bxa4 Nxd5 32. Rxd5 Rxa2 33.
g4 b3 34. Rd7 Ra8 35. Ng5 Ra7 36. Rxa7 Nxa7 37. Re7 1-0

[Event "*** Titled Tuesday 3|2 Blitz"]
[Site "Chess.com"]
[Date "2015.12.01"]
[Round "3"]
[White "StellarChessPro"]
[Black "Rating-Schmating"]
[Result "1-0"]
[WhiteElo "2271"]
[BlackElo "2091"]
[TimeControl "180+2"]
[EndTime "11:30:06 PST"]
[Termination "StellarChessPro won by resignation"]

1. d4 e6 2. Nf3 Nf6 3. Nbd2 b6 4. e4 d5 5. Bd3 Bb7 6. e5 Nfd7 7. Qe2 c5 8. c3 Nc6 9. a3 Be7 10. h4 h6 11. g4 Qc7 12. Ba6 Qc8 13. Bxb7 Qxb7 14. Nf1 a5 15. a4 Qa6 16. Qxa6 Rxa6 17. Be3 cxd4 18. cxd4 Nb4 19. Ke2 O-O 20. Ng3 Rc8 21. Rac1 Raa8 22. g5 hxg5 23. hxg5 g6 24. Nh2 Kg7 25.
Ng4 Rxc1 26. Rxc1 Ra7 27. Nf6 Na6 28. Rc8 Bxf6 29. gxf6+ Kh7 30. Nf1 Rc7 31. Re8 Nb4 32. Nh2 Rc2+ 33. Kf1 g5 34. Nf3 Kg6 35. Rg8+ Kf5 36.
Nxg5 Nxf6 37. exf6 Kxf6 38. Nh7+ Kf5 39. f3 e5 40. Rg5+ Ke6 41. Rxe5+ Kd6 42. Bf4 Nd3 43. Re2+ 1-0

[Event "*** Titled Tuesday 3|2 Blitz"]
[Site "Chess.com"]
[Date "2015.12.01"]
[Round "3"]
[White "abhijeetgupta1016"]
[Black "1stSecond"]
[Result "0-1"]
[WhiteElo "2381"]
[BlackElo "2398"]
[TimeControl "180+2"]
[EndTime "11:30:30 PST"]
[Termination "1stSecond won by resignation"]

1. Nf3 Nf6 2. c4 g6 3. Nc3 Bg7 4. e4 O-O 5. d4 d6 6. h3 e5 7. d5 Na6 8. Be3 c6 9. g4 Nc5 10. Nd2 a5 11. Be2 a4 12. h4 Qa5 13. g5 Nfxe4 14. Ncxe4 Nxe4 15. h5 a3 16. b3 cxd5 17. cxd5 Bf5 18. Bf3 Rac8 19. Kf1 Nxd2+ 20. Bxd2 Qb5+ 21. Be2 Bd3 22. Be3 e4 23. Bxd3 exd3 24.
Rc1 d2+ 25. Rc4 Rxc4 26. bxc4 Qxc4+ 27. Kg1 Qxa2 28. hxg6 hxg6 29. Qf3 Qa1+ 30. Kg2 Qxh1+ 31. Kxh1 a2 32. Bxd2 a1=Q+ 33. Kg2 Qe5 34. Bf4 Qf5 35. Kh2 Be5 0-1

[Event "*** Titled Tuesday 3|2 Blitz"]
[Site "Chess.com"]
[Date "2015.12.01"]
[Round "3"]
[White "Er_is_geen_hoop_meer"]
[Black "Goala"]
[Result "1-0"]
[WhiteElo "2352"]
[BlackElo "2243"]
[TimeControl "180+2"]
[EndTime "11:30:45 PST"]
[Termination "Er_is_geen_hoop_meer won by resignation"]

1. d4 e6 2. c4 Nf6 3. Nc3 c5 4. d5 exd5 5. cxd5 d6 6. e4 g6 7. Bb5+ Nbd7 8. a4 Bg7 9. f4 O-O 10. Nf3 Re8 11. O-O Nxe4 12. Nxe4 Rxe4 13. Ng5 Rd4 14.
Qf3 h6 15. Ne4 Nf6 16. Nc3 Bg4 17. Qg3 a6 18. Be2 Bxe2 19. Nxe2 Rxd5 20. Nc3 Rd4 21. f5 g5 22. Be3 Ne4 23. Qf3 Nxc3 24. bxc3 Rd3 25. Qe4 Rxc3 26. f6 Bxf6 27. Bd2 Rb3 28. Qf5 Kg7 29. h4 Bxa1 30. Qxf7+ Kh8 31. Rxa1 Qf8 32. Qxb3 1-0

[Event "*** Titled Tuesday 3|2 Blitz"]
[Site "Chess.com"]
[Date "2015.12.01"]
[Round "3"]
[White "olomi007"]
[Black "alexsuper1987"]
[Result "1/2-1/2"]
[WhiteElo "2422"]
[BlackElo "2212"]
[TimeControl "180+2"]
[EndTime "11:31:01 PST"]
[Termination "Game drawn by repetition"]

1. e4 c5 2. Nf3 e6 3. d4 cxd4 4.
Nxd4 Nf6 5. Nc3 Nc6 6. Ndb5 Bb4 7. a3 Bxc3+ 8. Nxc3 d5 9. exd5 exd5 10. Bd3 O-O 11.
O-O d4 12. Ne2 Bg4 13. Bg5 Qd6 14. Re1 Rfe8 15. Qd2 Nd5 16. Nf4 h6 17. Nxd5 Qxd5 18. Bxh6 gxh6 19. Qxh6 Qh5 20. Qf4 Be2 21. Bf5 Re5 22.
g4 Qh4 23. Bd7 Qe7 24. Bf5 Qh4 25. Bd7 Qe7 26. Bf5 Qh4 27. Bd7 1/2-1/2

[Event "*** Titled Tuesday 3|2 Blitz"]
[Site "Chess.com"]
[Date "2015.12.01"]
[Round "3"]
[White "Gabrielian_Artur"]
[Black "MateusViageiro"]
[Result "1-0"]
[WhiteElo "2477"]
[BlackElo "2290"]
[TimeControl "180+2"]
[EndTime "11:31:09 PST"]
[Termination "Gabrielian_Artur won by resignation"]

1. e4 c5 2. Nf3 d6 3. d4 cxd4 4.
Nxd4 Nf6 5. Nc3 a6 6. Be3 Ng4 7. Bc1 Nf6 8. f3 Qb6 9. Nb3 Nc6 10. Qe2 Qc7 11. Be3 e6 12. O-O-O Be7 13. g4 b5 14. h4 Bb7 15. h5 Ne5 16. g5 Nfd7 17. Kb1 Nc4 18. Bc1 Rc8 19. a3 Nxa3+ 20. bxa3 Qxc3 21.
Bb2 Qc7 22. Bxg7 Rg8 23. h6 Bxg5 24. Bh3 Nb6 25. Rhg1 Be7 26. Na5 Ba8 27. Bd4 Na4 28. Rxg8+ Kd7 29. Rxc8 Qxc8 30. c4 Qd8 31. Qe1 Ke8 32.
cxb5 Bf6 33. Qb4 Bxd4 34. Rxd4 Nc5 35. Qxc5 dxc5 36. Rxd8+ Kxd8 37. b6 Kc8 38. Kb2 Kb8 39. Kc3 Bb7 1-0

[Event "*** Titled Tuesday 3|2 Blitz"]
[Site "Chess.com"]
[Date "2015.12.01"]
[Round "3"]
[White "alex_zapata"]
[Black "Svetlin_Mladenov"]
[Result "1/2-1/2"]
[WhiteElo "2171"]
[BlackElo "2315"]
[TimeControl "180+2"]
[EndTime "11:31:09 PST"]
[Termination "Game drawn by repetition"]

1. e4 c5 2. Nf3 Nc6 3. d4 cxd4 4. Nxd4 Nf6 5. Nc3 d6 6. Bg5 e6 7. Qd2 a6 8. O-O-O Bd7 9. f3 b5 10. Nxc6 Bxc6 11. Ne2 Be7 12. Nd4 Bb7 13. h4 h6 14.
Be3 h5 15. Kb1 Rc8 16. g3 g6 17. Bh3 Rc4 18. b3 Rc8 19. Rhe1 Qc7 20. Qf2 e5 21. Bxc8 exd4 22. Bxb7 dxe3 23. Qxe3 Qxb7 24. e5 dxe5 25. Qxe5 Kf8 26. Rd6 Bxd6 27. Qxf6 Kg8 28. Qxd6 Qxf3 29. Qxa6 Kh7 30. Qxb5 Qxg3 31. Re7 Rf8 32.
Qd5 Qxh4 33. Rxf7+ Rxf7 34. Qxf7+ Kh6 35. Qf8+ Kh7 36. Qf7+ Kh6 37. Qf8+ Kh7 38. Qf7+ 1/2-1/2

[Event "*** Titled Tuesday 3|2 Blitz"]
[Site "Chess.com"]
[Date "2015.12.01"]
[Round "3"]
[White "gumersindo"]
[Black "Herman-NY"]
[Result "1-0"]
[WhiteElo "2200"]
[BlackElo "2188"]
[TimeControl "180+2"]
[EndTime "11:31:13 PST"]
[Termination "gumersindo won by resignation"]

1. d4 d5 2. c4 e6 3. Nc3 c6 4. e3 Nh6 5. Nf3 f5 6. Qc2 Bd6 7. Bd3 O-O 8. Bd2 Nd7 9. O-O-O b6 10. cxd5 exd5 11. Kb1 Bb7 12. h4 Qf6 13. Ng5 b5 14. f3 Nb6 15. Rdf1 Rae8 16. g4 Nc4 17. gxf5 Nxe3 18. Bxe3 Rxe3 19. Rhg1 Nxf5 20. h5 Kh8 21. Nxh7 Kxh7 22. Rg6 Qe7 23. Bxf5 Re1+ 24. Nd1 Kh8 25. Rxe1 Qxe1 26. Rxd6 1-0

[Event "*** Titled Tuesday 3|2 Blitz"]
[Site "Chess.com"]
[Date "2015.12.01"]
[Round "3"]
[White "oggy1984"]
[Black "JustKid"]
[Result "1-0"]
[WhiteElo "2208"]
[BlackElo "2107"]
[TimeControl "180+2"]
[EndTime "11:31:20 PST"]
[Termination "oggy1984 won by resignation"]

1. e4 d5 2. exd5 Qxd5 3. Nc3 Qd8 4. d4 Nf6 5. Nf3 Bg4 6. h3 Bxf3 7. Qxf3 c6 8. Bf4 e6 9. O-O-O Bb4 10. Ne4 Nxe4 11. Qxe4 Qd5 12. Qxd5 cxd5 13. c3 Be7 14.
Bd3 Nc6 15. Kb1 Kd7 16. Rhe1 Bd6 17. Bc1 a6 18. f4 f5 19. g4 g6 20. Re2 b5 21.
Rde1 Rae8 22. a4 b4 23. Bxa6 bxc3 24. bxc3 Rb8+ 25. Kc2 Rhe8 26. Bb5 Rb6 27. Bd2 Bc7 28. Kd3 Kd6 29. Bc1 Kd7 30. gxf5 gxf5 31. Rg2 Kd6 32. Rg7 e5 33. fxe5+ Ke6 34. Rxc7 1-0

[Event "*** Titled Tuesday 3|2 Blitz"]
[Site "Chess.com"]
[Date "2015.12.01"]
[Round "3"]
[White "chessloveyou"]
[Black "Grootneus"]
[Result "1-0"]
[WhiteElo "2152"]
[BlackElo "2009"]
[TimeControl "180+2"]
[EndTime "11:31:23 PST"]
[Termination "chessloveyou won by resignation"]

1. d4 Nf6 2. Nf3 c5 3. d5 e6 4.
dxe6 fxe6 5. g3 d5 6. Bg2 Bd6 7.
c4 O-O 8. O-O Nc6 9. cxd5 exd5 10.
Nc3 d4 11. Nb5 Bb8 12. Ng5 a6 13. Qb3+ Kh8 14. Na3 Qe8 15. Nc4 Bc7 16. Nb6 Rb8 17. Nxc8 Rxc8 18. Qxb7 Nb4 19. Bd2 a5 20. a3 Qxe2 21.
axb4 Qxd2 22. bxc5 Qxg5 23. c6 Ng4 24. h3 Ne5 25. f4 Qxg3 26. fxe5 Bxe5 27. Rf7 Rxf7 28. Qxc8+ 1-0

[Event "*** Titled Tuesday 3|2 Blitz"]
[Site "Chess.com"]
[Date "2015.12.01"]
[Round "3"]
[White "AndroQueen"]
[Black "jcibarra"]
[Result "0-1"]
[WhiteElo "2267"]
[BlackElo "2509"]
[TimeControl "180+2"]
[EndTime "11:31:32 PST"]
[Termination "jcibarra won on time"]

1. d4 Nf6 2. c4 d6 3. Nc3 e5 4.
Nf3 e4 5. Ng5 Qe7 6. Qc2 Bf5 7.
g4 Bg6 8. h4 h5 9. gxh5 Rxh5 10. Bf4 Nc6 11. e3 O-O-O 12. Be2 Rh8 13. a3 d5 14.
cxd5 Nxd5 15. Nxd5 Rxd5 16. Bc4 Rd7 17. Bb5 Qf6 18.
Bxc6 Qxc6 19. Qxc6 bxc6 20. Rc1 Kb7 21. Bg3 Bf5 22.
Nh3 Bg4 23. Ng5 f6 24. Nh3 g5 25. Kd2 Bf3 26. Rh2 c5 27. Rc4 gxh4 0-1

[Event "*** Titled Tuesday 3|2 Blitz"]
[Site "Chess.com"]
[Date "2015.12.01"]
[Round "3"]
[White "Zvonokchess"]
[Black "Cryptochess"]
[Result "1-0"]
[WhiteElo "2542"]
[BlackElo "2425"]
[TimeControl "180+2"]
[EndTime "11:31:37 PST"]
[Termination "Zvonokchess won by resignation"]

1. Nf3 Nf6 2. g3 e6 3. Bg2 d5 4.
O-O Be7 5. c4 dxc4 6. Na3 O-O 7.
Nxc4 c6 8. d3 b5 9. Nce5 Bb7 10.
a4 Nbd7 11. Nxf7 Rxf7 12. Ng5 Qc7 13. Nxe6 Qc8 14. Ng5 c5 15. Bxb7 Qxb7 16. Nxf7 Kxf7 17. Qb3+ c4 18. dxc4 Nc5 19. Qxb5 Qe4 20. Be3 a6 21. Qb6 Nfd7 22. Qc7 Qxc4 23. Rac1 Qe4 24. Bxc5 Nxc5 25. Rxc5 1-0

[Event "*** Titled Tuesday 3|2 Blitz"]
[Site "Chess.com"]
[Date "2015.12.01"]
[Round "3"]
[White "HansCoolNiemann"]
[Black "alturas_pacificas"]
[Result "1-0"]
[WhiteElo "2175"]
[BlackElo "2110"]
[TimeControl "180+2"]
[EndTime "11:31:40 PST"]
[Termination "HansCoolNiemann won by resignation"]

1. d4 d5 2. c4 c6 3. Nf3 Nf6 4. e3 Bf5 5. Nc3 e6 6. Nh4 Bg6 7. Qb3 Qb6 8. c5 Qxb3 9. axb3 Nbd7 10. Nxg6 hxg6 11. b4 a6 12. b5 cxb5 13. Bxb5 Rc8 14. Bd3 Nb8 15. b4 Be7 16. b5 O-O 17. Bd2 axb5 18.
Nxb5 Nc6 19. O-O Ra8 20. Nc7 Rxa1 21. Rxa1 e5 22. Nb5 exd4 23. exd4 Ne4 24. Bxe4 dxe4 25. d5 Ne5 26. Bc3 Nd3 27. c6 bxc6 28. dxc6 Bc5 29.
c7 Bxf2+ 30. Kf1 Bb6 31. Ra6 Bxc7 32. Nxc7 Rc8 33. Nd5 Kh7 34. Ra7 e3 35. Rxf7 Nc1 36.
Bxg7 e2+ 37. Ke1 Kg8 38. Re7 Rc6 39. Nf6+ Rxf6 40. Bxf6 Nd3+ 41. Kxe2 Nf4+ 42. Kf3 Nd5 43. Rg7+ Kh8 44. Rxg6+ Kh7 45. Rg7+ Kh8 46. Ba1 Nf4 47. Rg4+ Kh7 48. Kxf4 1-0

[Event "*** Titled Tuesday 3|2 Blitz"]
[Site "Chess.com"]
[Date "2015.12.01"]
[Round "3"]
[White "DeviatkinAndrey"]
[Black "Tobi-Wan-Kenobi"]
[Result "1-0"]
[WhiteElo "2490"]
[BlackElo "2338"]
[TimeControl "180+2"]
[EndTime "11:31:45 PST"]
[Termination "DeviatkinAndrey won by resignation"]

1. e4 c5 2. c3 Nf6 3. e5 Nd5 4.
g3 Nc6 5. Bg2 Qc7 6. Qe2 e6 7.
Nf3 b6 8. O-O a5 9. Na3 Ba6 10.
Nb5 Qb8 11. a4 Be7 12. d3 O-O 13. c4 Nc7 14. Bf4 Bb7 15. h4 Nxb5 16. axb5 Nb4 17. h5 Qd8 18. h6 g6 19. Rad1 d5 20. exd6 Bxd6 21. Bxd6 Qxd6 22. d4 Rad8 23. dxc5 Qxc5 24. b3 Qh5 25. Qe5 Qxe5 26. Nxe5 Bxg2 27. Kxg2 f6 28. Nd7 Rxd7 29. Rxd7 e5 30. Rg7+ Kh8 31. Rd1 1-0

[Event "*** Titled Tuesday 3|2 Blitz"]
[Site "Chess.com"]
[Date "2015.12.01"]
[Round "3"]
[White "Tesla37"]
[Black "darsen_sanzhaev"]
[Result "1-0"]
[WhiteElo "2519"]
[BlackElo "2270"]
[TimeControl "180+2"]
[EndTime "11:32:06 PST"]
[Termination "Tesla37 won on time"]

1. e4 c5 2. Nf3 e6 3. d4 cxd4 4.
Nxd4 Nc6 5. Nc3 Qc7 6. Be3 a6 7.
Qd2 Nf6 8. O-O-O Bb4 9. f3 O-O 10. Qe1 Be7 11. g4 b5 12. g5 Nh5 13. Nce2 Nxd4 14. Nxd4 Nf4 15. Qg3 Bd6 16. Qf2 Bb7 17. Kb1 Be5 18. h4 d5 19. Bd3 Rac8 20. h5 Rfd8 21.
Bxf4 Bxf4 22. g6 dxe4 23. fxe4 Bg3 24. gxf7+ Qxf7 25. Qxg3 Rxd4 26. Rdf1 Qc7 27. Qg4 Qe5 28. Qf3 Qc7 29. h6 g6 30. Qf6 Re8 31. Qxd4 1-0

[Event "*** Titled Tuesday 3|2 Blitz"]
[Site "Chess.com"]
[Date "2015.12.01"]
[Round "3"]
[White "Keranke"]
[Black "VSERGUEI"]
[Result "1-0"]
[WhiteElo "2604"]
[BlackElo "2445"]
[TimeControl "180+2"]
[EndTime "11:32:09 PST"]
[Termination "Keranke won on time"]

1. d4 d5 2. Bf4 e6 3. e3 Bd6 4. Qg4 g6 5. Bxd6 cxd6 6. Nc3 Nf6 7.
Qf4 Nc6 8. Nf3 a6 9. e4 dxe4 10. Nxe4 Nxe4 11. Qxe4 Qa5+ 12. c3 d5 13. Qf4 Bd7 14. Ng5 f5 15. Qd6 Nd8 16. Qe5 Nf7 17. Qg7 Rf8 18. Nxh7 Ke7 19. Qf6+ Kd6 20. Nxf8 Rxf8 21.
Bd3 Bb5 22. Rd1 Qxa2 23. Bxb5 axb5 24. O-O Qc4 25. Rfe1 Qc8 26. Rd3 Nh6 27. Qe5+ Ke7 28. Qg7+ Nf7 29. Rde3 f4 30. Rxe6+ Qxe6 31. Rxe6+ Kxe6 32. Qxf8 1-0

[Event "*** Titled Tuesday 3|2 Blitz"]
[Site "Chess.com"]
[Date "2015.12.01"]
[Round "3"]
[White "Krutoy123"]
[Black "THORK"]
[Result "1-0"]
[WhiteElo "2345"]
[BlackElo "2202"]
[TimeControl "180+2"]
[EndTime "11:32:17 PST"]
[Termination "Krutoy123 won by checkmate"]

1. e4 g6 2. d4 Bg7 3. Nc3 c5 4. Nf3 Qa5 5. Be3 Nc6 6. Qd2 cxd4 7. Nxd4 Nf6 8. f3 O-O 9. g4 Ne5 10. g5 Nh5 11. Be2 d6 12. Nd5 Qd8 13. O-O-O e6 14. Nc3 a6 15. Kb1 b5 16. f4 Nc4 17. Bxc4 bxc4 18. Nc6 Qc7 19. Qxd6 Qxd6 20. Rxd6 Bxc3 21.
bxc3 Bb7 22. Rhd1 Bxc6 23. Rxc6 Rfc8 24. Rdd6 a5 25. Rxc8+ Rxc8 26. Ra6 e5 27. fxe5 Ng7 28. Rxa5 Ne6 29. Rb5 Kf8 30. Kb2 Ke8 31. Rb7 Ra8 32. Rb4 Ra5 33. Rxc4 Rxe5 34. h4 Kd7 35. a4 Ra5 36. Bb6 Ra8 37. a5 Kd6 38. Kb3 Ke5 39.
Kb4 Kf4 40. Kb5 Kg4 41. e5+ Kf5 42. a6 Kxe5 43. a7 Kd6 44. Ka6 Kd5 45. Rb4 Kc6 46. Rb1 Nf4 47. c4 Ne6 48. Rf1 f5 49. gxf6 Nf8 50. Re1 h6 51. f7 g5 52. hxg5 hxg5 53. Re8 Rxa7+ 54. Kxa7 Nd7 55. Re6# 1-0

[Event "*** Titled Tuesday 3|2 Blitz"]
[Site "Chess.com"]
[Date "2015.12.01"]
[Round "3"]
[White "Konavets"]
[Black "KNVB"]
[Result "1-0"]
[WhiteElo "2555"]
[BlackElo "2331"]
[TimeControl "180+2"]
[EndTime "11:32:24 PST"]
[Termination "Konavets won by resignation"]

1. e4 e6 2. d4 d5 3. Nd2 c5 4. exd5 Qxd5 5. Ngf3 cxd4 6. Bc4 Qd7 7. O-O Nf6 8. Nb3 Nc6 9. Nbxd4 Nxd4 10. Qxd4 a6 11.
Qh4 b5 12. Bb3 Bb7 13. Ne5 Qc7 14. Re1 Bd5 15. c4 Bb4 16. cxd5 Bxe1 17. Bf4 Bd2 18.
Bxd2 Qxe5 19. Bc3 Qf5 20. dxe6 O-O 21. exf7+ Kh8 22. Re1 a5 23. Be6 Qg6 24. f4 h6 25.
f5 Qg5 26. Qxg5 hxg5 27. Re3 g4 28. h3 g3 29. Rxg3 b4 30. Be5 Rad8 31. Rg6 Rd1+ 32. Kh2 Re1 33. Bxf6 gxf6 34. Rg8+ 1-0

[Event "*** Titled Tuesday 3|2 Blitz"]
[Site "Chess.com"]
[Date "2015.12.01"]
[Round "3"]
[White "dretch"]
[Black "MinhGTrAn"]
[Result "1-0"]
[WhiteElo "2439"]
[BlackElo "2619"]
[TimeControl "180+2"]
[EndTime "11:32:27 PST"]
[Termination "dretch won by resignation"]

1. d4 Nf6 2. c4 e6 3. Nc3 Bb4 4. Qc2 O-O 5. e4 Bxc3+ 6. bxc3 d6 7. Bd3 e5 8. Ne2 Nc6 9. Rb1 b6 10. O-O Ba6 11. f4 Nd7 12. Ng3 exd4 13. Bb2 Nc5 14.
Nf5 Re8 15. Rf3 g6 16. Nh6+ Kf8 17. Rbf1 Qf6 18. f5 Ne5 19. fxg6 Nxf3+ 20. Rxf3 Qxg6 21. Rxf7+ Qxf7 22. Nxf7 Kxf7 23. cxd4 Nxd3 24. Qxd3 d5 25. e5 Bxc4 26. Qxh7+ Ke6 27. Qxc7 Rf8 28. Qd6+ Kf5 29.
h3 Bxa2 30. e6 Rfe8 31. Qe5+ Kg6 32. Bc1 Bb1 33. Qg5+ Kh7 34. Qh5+ Kg8 35. Qf7+ Kh8 36. Bf4 1-0